 Dungeon Crawl Stone Soup version 0.21.0-3-g78d12a8bdd (webtiles) character file.

18260 Jannitor the Fighter (level 12, -2/94 HPs)
             Began as a Demonspawn Earth Elementalist on Jan 14, 2018.
             Was a Priest of Makhleb.
             Killed from afar by a catoblepas (9 damage)
             ... with a blast of calcifying dust
             ... on level 4 of the Lair of Beasts.
             The game lasted 00:32:11 (14715 turns).

Jannitor the Fighter (DsEE)                        Turns: 14715, Time: 00:32:12

Health: -2/94      AC:  9    Str: 11    XL:     12   Next: 26%
Magic:  23/23      EV: 15    Int: 23    God:    Makhleb [***...]
Gold:   498        SH:  5    Dex: 14    Spells: 19/25 levels left

rFire    + . .     SeeInvis +   K - +1 broad axe (flame)
rCold    + . .     Gourm    .   B - +0 buckler
rNeg     . . .     Faith    .   I - +3 ring mail "Tujibror" {SInv}
rPois    +         Spirit   .   (helmet unavailable)
rElec    .         Reflect  .   R - scarf {rC+ rF+}
rCorr    .         Harm     .   (no gloves)
MR       .....                  (no boots)
Stlth    +.........             h - amulet of regeneration
HPRegen  0.65/turn              n - ring of poison resistance
MPRegen  0.18/turn              u - +4 ring of intelligence

@: very slightly contaminated
A: horns 3, repulsion field 2, foul stench 1, powered by death 1, rot immunity
a: Minor Destruction, Lesser Servant of Makhleb, Renounce Religion


You were on level 4 of the Lair of Beasts.
You worshipped Makhleb.
Makhleb was most pleased with you.
You were very hungry.

You visited 3 branches of the dungeon, and saw 15 of its levels.

You collected 654 gold pieces.
You spent 156 gold pieces at shops.

Inventory:

Hand Weapons
 a - a +1 dagger
 v - a +0 long sword
 K - a +1 broad axe of flaming (weapon)
 P - a +0 broad axe
Missiles
 b - 71 stones (quivered)
Armour
 x - a +1 ring mail of magic resistance
 B - a +0 buckler (worn)
 I - the +3 ring mail "Tujibror" (worn) {SInv}
   (You found it on level 7 of the Dungeon)

   It lets you see invisible.
 R - a scarf of resistance (worn)
Magical Staves
 c - an uncursed staff of earth
 C - an uncursed staff of summoning
Jewellery
 g - a +5 ring of protection {unknown}
 h - an amulet of regeneration (around neck)
 n - a ring of poison resistance (left hand)
 u - a +4 ring of intelligence (right hand)
 G - an uncursed ring of ice {unknown}
Wands
 s - a wand of iceblast (23)
 y - a wand of enslavement (11)
 D - a wand of acid (14)
Scrolls
 f - 2 scrolls of enchant weapon
 i - 4 scrolls of remove curse
 j - 17 scrolls of identify
 o - 4 scrolls of fog
 p - 2 scrolls of amnesia
 q - 6 scrolls of teleportation
 r - 2 scrolls of magic mapping
 F - 4 scrolls of blinking
 J - 2 scrolls of enchant armour
Potions
 l - 2 potions of haste
 m - a potion of lignification
 t - a potion of heal wounds
 w - 6 potions of curing
 z - a potion of resistance {unknown}
 A - 3 potions of agility
 E - a potion of might {unknown}
 H - 2 potions of brilliance
 M - a potion of invisibility
Books
 e - a book of Geomancy

   Spells                             Type                      Level
   a - Sandblast                      Earth                        1
   b - Passwall                       Transmutation/Earth          2
   c - Stone Arrow                    Conjuration/Earth            3
   d - Petrify                        Transmutation/Earth          4
   e - Lee's Rapid Deconstruction     Earth                        5
 k - a book of Debilitation

   Spells                             Type                      Level
   a - Corona                         Hexes                        1
   b - Slow                           Hexes                        2
   c - Inner Flame                    Hexes/Fire                   3
   d - Portal Projectile              Hexes/Translocation          3
   e - Cause Fear                     Hexes                        4
   f - Leda's Liquefaction            Hexes/Earth                  4
 L - a book of Cantrips

   Spells                             Type                      Level
   a - Confusing Touch                Hexes                        1
   b - Animate Skeleton               Necromancy                   1
   c - Summon Small Mammal            Summoning                    1
   d - Apportation                    Translocation                1
Comestibles
 d - 37 rations


   Skills:
 + Level 8.7 Fighting
 * Level 7.1 Axes
 + Level 8.0 Armour
 - Level 4.6 Dodging
 - Level 1.7 Stealth
 + Level 3.8 Shields
 - Level 7.3 Spellcasting
 + Level 5.7 Conjurations
 - Level 0.8 Transmutations
 - Level 7.5 Earth Magic
 + Level 4.4 Invocations


You had 19 spell levels left.
You knew the following spells:

 Your Spells              Type           Power        Failure   Level  Hunger
a - Stone Arrow           Conj/Erth      #####.       3%          3    None
b - Passwall              Tmut/Erth      ####......   4%          2    None
c - Sandblast             Erth           #####.       1%          1    None


Dungeon Overview and Level Annotations

Branches:
Dungeon (10/15)            Temple (1/1) D:4            Lair (4/6) D:10
  Swamp (0/4) Lair:3       Spider (0/4) Lair:3
    Orc: D:9-12

Altars:
Ashenzari
Cheibriados
Dithmenos
Elyvilon
Fedhas
Gozag
Hepliaklqana
Kikubaaqudgha
Makhleb
Nemelex Xobeh
Okawaru
Qazlal
Ru
Sif Muna
Trog
Uskayaw
Wu Jian
Xom
Yredelemnul
Zin
The Shining One

Shops:
D:5 %   D:6 [   D:7 [   D:8 **   D:9 (

Annotations:
D:2 1 runed door
D:4 Gunter174's ghost, novice MiBe
Lair:1 exclusion: 2 oklob plants


Innate Abilities, Weirdness & Mutations

You have a pair of large horns on your head.
You are surrounded by a moderate repulsion field. (EV +3)
You may emit foul miasma when damaged in melee.
You regenerate a little health from kills.
You are immune to rotting.


Message History

Unknown command.
You have turned to stone.
The catoblepas breathes a plume of calcifying dust at you.
The blast of calcifying dust hits you!
You are engulfed in calcifying dust.
The catoblepas gores you.
You are engulfed in calcifying dust.
The catoblepas gores you!!
* * * LOW HITPOINT WARNING * * *
You emit a cloud of foul miasma!
You are engulfed in calcifying dust.
Your hellwing is no longer petrified.
The catoblepas is engulfed in dark miasma.
The catoblepas is poisoned.
The catoblepas gores you!!
* * * LOW HITPOINT WARNING * * *
The catoblepas looks sick.
You turn to flesh and can move again.
The catoblepas is engulfed in dark miasma.
The catoblepas looks even sicker.
The catoblepas breathes a plume of calcifying dust at you.
The blast of calcifying dust hits you!
You die...

#####.# ### #..#..# ##.###
#.....# #..P.# .....###
#...#### #### .#...#.#
##.##..P##...# ####..##
#.####....#
P##....###...##..§.# .....
.####).##..####.§### .....
.###......P# #.§@# ......
..##.......###Y### ....#
...#...#......4## #...#
.....<.##..#P...#####....###
......PPP.P#####Y##........#
##......PP## #..P........P
P.....##... ##......#.....
.....## ..# #....%.## .#.
##..## ..........#


You could see a catoblepas.

Vanquished Creatures
  2 hydras
  A two-headed ogre (D:8)
  Pikel (D:5)
  3 centaur zombies (D:10)
  4 black mambas
  5 spiny frogs
  A rime drake (Lair:3)
  A komodo dragon (Lair:1)
  A tyrant leech (Lair:3)
  4 blink frogs (Lair:1)
  7 hippogriffs
  Sigmund (D:5)
  A wyvern (D:8)
  16 yaks
  Eustachio (D:6)
  A hungry ghost (D:10)
  A basilisk (Lair:1)
  9 water moccasins
  5 porcupines
  4 orc warriors
  3 phantoms
  2 sky beasts
  2 ice beasts
  4 black bears
  3 ogres
  3 centaurs
  8 crocodiles
  6 bullfrogs
  7 scorpions
  5 killer bees
  2 electric eels (Lair:2)
  2 howler monkeys
  4 crimson imps
  6 jellies
  A bullfrog zombie (D:8)
  The ghost of BreadTh the Magician, a weakling SpWz (D:3)
  2 hounds
  An orc priest (D:7)
  10 orc wizards
  A centaur skeleton (D:9)
  Natasha (twice) (D:2)
  An iguana (D:10)
  8 worker ants
  A mummy (D:7)
  2 hound skeletons
  A worker ant zombie (D:10)
  Robin (D:2)
  15 adders
  3 shadow imps
  6 oozes
  An adder zombie (D:9)
  2 worms
  3 dart slugs
  9 leopard geckos
  31 orcs
  A ball python (D:4)
  8 bats
  4 giant cockroaches
  10 goblins
  6 hobgoblins
  3 jackals (D:1)
  10 kobolds
  3 quokkas
  A frilled lizard (D:1)
  9 rats
  3 fungi
  A plant (D:10)
287 creatures vanquished.

Vanquished Creatures (others)
  Menkaure (D:5)
  2 slaves (D:5)
  A centaur (D:5)
  An ooze (D:5)
  2 orcs (D:5)
  47 fungi
  14 plants (D:10)
68 creatures vanquished.

Grand Total: 355 creatures vanquished

Notes
Turn   | Place    | Note
-------+----------+-------------------------------------------
     0 | D:1      | Jannitor the Demonspawn Earth Elementalist began the quest for the Orb.
     0 | D:1      | Reached XP level 1. HP: 13/13 MP: 3/3
   454 | D:1      | Gained mutation: You are surrounded by a mild repulsion field. (EV +2) [demonic ancestry]
   454 | D:1      | Reached XP level 2. HP: 19/19 MP: 0/5
  1379 | D:2      | Reached XP level 3. HP: 24/24 MP: 4/7
  1494 | D:2      | Found a sparkling altar of Nemelex Xobeh.
  1577 | D:2      | Noticed Natasha
  1590 | D:2      | Gained mutation: You are immune to rotting. [demonic ancestry]
  1590 | D:2      | Reached XP level 4. HP: 26/30 MP: 1/8
  1610 | D:2      | Killed Natasha
  2036 | D:2      | Noticed Robin
  2081 | D:2      | Killed Robin
  2241 | D:2      | Noticed Natasha
  2245 | D:2      | Killed Natasha
  2245 | D:2      | Gained mutation: You may emit foul miasma when damaged in melee. [demonic ancestry]
  2245 | D:2      | Reached XP level 5. HP: 35/35 MP: 6/10
  2297 | D:2      | Found a runed door.
  2410 | D:2      | Found a deep blue altar of Sif Muna.
  3178 | D:3      | Noticed BreadTh's ghost (weakling SpWz)
  3191 | D:3      | Killed BreadTh's ghost
  4097 | D:4      | Reached skill level 1 in Fighting
  4111 | D:4      | Found a staircase to the Ecumenical Temple.
  4123 | D:4      | Gained mutation: You regenerate a little health from kills. [demonic ancestry]
  4123 | D:4      | Reached XP level 6. HP: 35/43 MP: 9/12
  4259 | Temple   | Entered the Ecumenical Temple
  4523 | D:4      | Noticed Gunter174's ghost (novice MiBe)
  4529 | D:4      | Learned a level 2 spell: Passwall
  4533 | D:4      | Learned a level 3 spell: Stone Arrow
  4938 | D:4      | Found a sacrificial altar of Ru.
  5260 | D:5      | Entered Level 5 of the Dungeon
  5303 | D:5      | Gained mutation: You have a pair of small horns on your head. [demonic ancestry]
  5303 | D:5      | Reached XP level 7. HP: 31/50 MP: 3/13
  5322 | D:5      | Reached skill level 5 in Earth Magic
  5510 | D:5      | Noticed Sigmund
  5515 | D:5      | Killed Sigmund
  5515 | D:5      | Reached skill level 5 in Spellcasting
  5586 | D:5      | Gained mutation: You have a pair of horns on your head. [demonic ancestry]
  5586 | D:5      | Reached XP level 8. HP: 57/59 MP: 7/15
  5703 | D:5      | Noticed Pikel
  5717 | D:5      | Killed Pikel
  5854 | D:5      | Killed Menkaure
  6268 | D:5      | Found Cyhupysasm's Food Boutique.
  6317 | D:6      | Reached skill level 1 in Armour
  6706 | D:6      | Noticed Eustachio
  6740 | D:6      | Killed Eustachio
  6740 | D:6      | Reached XP level 9. HP: 49/67 MP: 11/18
  6903 | D:6      | Reached skill level 5 in Fighting
  6925 | D:6      | Found Etirghex's Armour Shop.
  7181 | D:7      | Found a white marble altar of Elyvilon.
  7181 | D:7      | Found a glowing golden altar of the Shining One.
  7182 | D:7      | Found a deep blue altar of Sif Muna.
  7521 | D:7      | Found Utoussuc's Antique Armour Shoppe.
  7526 | D:7      | Got an ancient ring mail
  7570 | D:7      | Identified the +3 ring mail "Tujibror" {SInv} (You found it on level 7 of the Dungeon)
  7581 | D:7      | Found a snail-covered altar of Cheibriados.
  7983 | D:8      | Found Wyceqar's General Store.
  7987 | D:8      | Bought a potion of curing for 36 gold pieces
  8063 | D:8      | Found an ancient bone altar of Kikubaaqudgha.
  8065 | D:8      | Noticed a two-headed ogre
  8075 | D:8      | Killed a two-headed ogre
  8085 | D:8      | Found a bloodstained altar of Trog.
  8087 | D:8      | Found a burning altar of Makhleb.
  8089 | D:8      | Found a stormy altar of Qazlal.
  8092 | D:8      | Became a worshipper of Makhleb the Destroyer
  8328 | D:8      | Reached skill level 5 in Armour
  8478 | D:8      | Gained mutation: You have a pair of large horns on your head. [demonic ancestry]
  8478 | D:8      | Reached XP level 10. HP: 73/76 MP: 17/20
  8680 | D:8      | Found Woluhila's Assorted Antiques.
  8693 | D:8      | Bought a blue potion for 18 gold pieces
  8693 | D:8      | Bought a scroll labeled GUMEEG SODAAS for 21 gold pieces
  8693 | D:8      | Bought a fizzy clear potion for 18 gold pieces
  8863 | D:9      | Reached * piety under Makhleb
  8953 | D:9      | Found Ituzxium's Antique Weapon Shoppe.
  9532 | D:9      | Found a basalt altar of Yredelemnul.
  9646 | D:10     | Entered Level 10 of the Dungeon
  9678 | D:10     | Reached skill level 1 in Conjurations
  9728 | D:10     | HP: 3/77 [acid (7)]
 10208 | D:10     | Reached skill level 1 in Axes
 10221 | D:10     | Reached ** piety under Makhleb
 10320 | D:10     | Found a staircase to the Lair.
 10861 | D:6      | Bought a +0 buckler for 63 gold pieces
 11010 | D:10     | Gained mutation: You are surrounded by a moderate repulsion field. (EV +3) [demonic ancestry]
 11010 | D:10     | Reached XP level 11. HP: 84/84 MP: 22/22
 11015 | Lair:1   | Entered Level 1 of the Lair of Beasts
 11110 | Lair:1   | Reached skill level 1 in Shields
 11366 | Lair:1   | Reached skill level 5 in Axes
 11619 | Lair:1   | Reached *** piety under Makhleb
 12050 | Lair:1   | Noticed a four-headed hydra
 12058 | Lair:1   | Killed a one-headed hydra
 12058 | Lair:1   | Reached skill level 1 in Invocations
 12120 | Lair:1   | Noticed an oklob plant
 12120 | Lair:1   | Noticed an oklob plant
 13169 | Lair:3   | Reached skill level 5 in Conjurations
 13329 | Lair:3   | HP: 3/86 [tyrant leech (28)]
 13382 | Lair:3   | Found a staircase to the Swamp.
 13780 | Lair:3   | Reached XP level 12. HP: 89/94 MP: 16/23
 13800 | Lair:3   | Found a hole to the Spider Nest.
 14439 | Lair:4   | Noticed a four-headed hydra
 14445 | Lair:4   | Killed a one-headed hydra
 14674 | Lair:4   | Noticed a catoblepas
 14715 | Lair:4   | Killed from afar by a catoblepas

Skill      XL: |  1  2  3  4  5  6  7  8  9 10 11 12 |
---------------+-------------------------------------+-----
Earth Magic    | 3 4 5 6 7 |  7.5
Spellcasting   | 3 4 5 6 7 |  7.3
Dodging        | 2 3 4 |  4.6
Fighting       | 1 2 3 4 6 7 8 |  8.7
Armour         | 2 5 6 7 8 |  8.0
Conjurations   | 3 5 |  5.7
Axes           | 4 6 7 |  7.1
Shields        | 3 |  3.8
Invocations    | 3 4 |  4.4
Stealth        | |  1.7
Transmutations | |  0.8

Action                   |  1- 3 |  4- 6 |  7- 9 | 10-12 || total
-------------------------+-------+-------+-------+-------++-------
Melee: Unarmed           |     7 |       |       |       ||     7
       Dagger            |    70 |   124 |    56 |    96 ||   346
       Headbutt          |       |       |    13 |    93 ||   106
       Broad axe         |       |       |       |   364 ||   364
 Cast: Sandblast         |    38 |   105 |   127 |    35 ||   305
       Stone Arrow       |       |       |       |   100 ||   100
Invok: Lesser Servant of |       |       |       |     3 ||     3
Evoke: Wand              |       |       |     3 |       ||     3
  Use: Potion            |     1 |     2 |       |    11 ||    14
       Scroll            |       |       |    12 |     5 ||    17
 Stab: Sleeping          |     3 |     1 |     1 |       ||     5
  Eat: Chunk             |     2 |     8 |     9 |    20 ||    39
       Ration            |       |     1 |       |     1 ||     2
Armor: Robe              |    37 |    10 |       |       ||    47
       Skin              |       |    47 |       |       ||    47
       Ring mail         |       |       |    22 |   169 ||   191
Dodge: Dodged            |   100 |    79 |    73 |   452 ||   704
Block: Buckler           |       |       |       |    56 ||    56
